 Dungeon Crawl Stone Soup version 0.31.0-32-g396128a36d (webtiles) character file.

Game seed: 13345833970214233935

3428 KittyFluff the Mimic (level 9, -6/87 HPs)
             Began as a Troll Shapeshifter on Apr 15, 2024.
             Was a Follower of Trog.
             Killed from afar by an electric eel (15 damage)
             ... with a bolt of electricity
             ... on level 6 of the Dungeon.
             The game lasted 00:19:54 (4841 turns).

KittyFluff the Mimic (Troll Shapeshifter)           Turns: 4841, Time: 00:19:55

Health: -6/87      AC:  8    Str: 28    XL:     9   Next: 76%
Magic:  8/8        EV: 11    Int:  6    God:    Trog [*.....]
Gold:   378        SH:  0    Dex: 15    Spells: 7/8 levels left

rFire   . .          .
                       - Unarmed
rCold   . . .        (no shield)
rNeg    . . .        L - +0 acid dragon scales
rPois   .            (helmet currently unavailable)
rElec   .            (cloak currently unavailable)
rCorr   +            (gloves unavailable)
SInv    .            (boots unavailable)
Will    .....        (no amulet)
Stlth   +            A - +6 ring of dexterity
HPRegen 1.14/turn    (no ring)
MPRegen 0.11/turn

%: no passive effects
@: beast-form
A: beast (slay +4), large, unfitting armour, claws 3, regeneration 1, shaggy fur
1, tough skin 1
a: Begin Untransformation, Renounce Religion, Berserk


You were on level 6 of the Dungeon.
You worshipped Trog.
Trog was aware of your devotion.
You were a hulking beast.
You visited 2 branches of the dungeon, and saw 7 of its levels.

You collected 378 gold pieces.

Inventory:

Hand Weapons
 o - a +3 mace
 q - a +2 halberd of protection
 E - a +0 sling
 F - a +1 whip of flaming
 I - a +0 flail of holy wrath
 J - the +5 woodcutter's axe
   (You found it on level 5 of the Dungeon)
 K - a +1 scimitar of flaming
 M - a +4 flail
 N - a +0 morningstar
 O - a +4 scimitar of freezing
 Q - a +0 orcbow
Missiles
 g - 11 javelins (quivered)
 j - 50 stones
 t - 7 poisoned darts
 y - 3 boomerangs
 z - 4 large rocks
 H - 5 silver javelins
Armour
 k - a +0 robe
 L - +0 acid dragon scales (worn)
Jewellery
 x - a ring of wizardry
 A - a +6 ring of dexterity (left claw)
Talismans
 c - a beast talisman
 d - a flux talisman
Wands
 P - a wand of digging (7)
Scrolls
 a - 2 scrolls of fog {unknown}
 h - 4 scrolls of identify {unknown}
 i - 2 scrolls of revelation {unknown}
 l - 2 scrolls of teleportation {unknown}
 m - a scroll of blinking {unknown}
 n - a scroll of fear {unknown}
 p - 3 scrolls of immolation
 w - a scroll of noise {unknown}
 C - 2 scrolls of enchant weapon {unknown}
Potions
 b - a potion of lignification
 e - 2 potions of cancellation {unknown}
 f - 5 potions of curing {unknown}
 r - a potion of degeneration {unknown}
 s - 2 potions of resistance {unknown}
 u - a potion of ambrosia {unknown}
 v - 2 potions of enlightenment {unknown}
 B - a potion of mutation {unknown}
 D - a potion of attraction {unknown}
 G - a potion of heal wounds {unknown}


   Skills:
 + Level 4.8 Fighting
 + Level 3.9 Throwing
 + Level 1.8 Armour
 + Level 5.0 Dodging
 + Level 6.4 Unarmed Combat
 * Level 8.1 Shapeshifting


You had 7 spell levels left.
You knew the following spells:

 Your Spells              Type           Power      Damage    Failure   Level
a - Apportation           Tloc           0%         N/A       52%         1

Your spell library contained the following spells:

 Spells                   Type           Power      Damage    Failure   Level
 Necrotise                Necr           0%         1d4       52%         1
 Sting                    Conj/Alch      0%         1d3       52%         1
 Summon Small Mammal      Summ           0%         N/A       52%         1
 Mercury Vapours          Alch/Air       0%         N/A       65%         2
 Inner Flame              Hex/Fire       0%         N/A       87%         3
 Mephitic Cloud           Conj/Alch/Air  0%         N/A       87%         3
 Freezing Cloud           Conj/Ice/Air   0%         6-21      100%        5
 Irradiate                Conj/Alch      0%         3d11      100%        5
 Ignition                 Fire           0%         3d3       100%        8


Dungeon Overview and Level Annotations

Branches:
Dungeon (6/15)             Temple (1/1) D:6

Altars:
Ashenzari
Dithmenos
Elyvilon
Fedhas
Gozag
Okawaru
Ru
Trog
Uskayaw
Vehumet
Yredelemnul
Zin
The Shining One

Shops:
D:5 [   D:6 :=

Annotations:
Temple 2 transporters


Innate Abilities, Weirdness & Mutations

You are a hulking beast.
Your limbs bulge with bestial killing power. (Slay +4)
You are too large for most types of armour.
You have claws for hands.
Your natural rate of healing is unusually fast.
You are covered in fur. (AC +1)
You have tough skin. (AC +1)


Message History

There is an open door here.
The electric eel shoots out a bolt of lightning at you!
The bolt of electricity hits the plant!
The bolt of electricity hits you!
The electric eel shoots out a bolt of lightning at you!
The bolt of electricity hits the plant!
The plant begins to die.
The bolt of electricity hits the plant!
The plant begins to die.
The bolt of electricity hits you!
A nearby plant withers and dies.
The electric eel shoots out a bolt of lightning at you!
The bolt of electricity hits the plant.
The bolt of electricity hits you.
The electric eel shoots out a bolt of lightning at you!
The bolt of electricity misses you. x2
The electric eel shoots out a bolt of lightning at you!
The bolt of electricity hits you!
The electric eel shoots out a bolt of lightning at you!
The bolt of electricity hits the plant!
The bolt of electricity misses you.
You scratch the electric eel.
The electric eel is lightly wounded.
You claw the electric eel!
The electric eel is severely wounded.
A nearby plant withers and dies.
The electric eel shoots out a bolt of lightning at you!
The bolt of electricity hits you. x2
You mangle the electric eel!!
You kill the electric eel!
Trog accepts your kill.
You hear a splash.
A nearby plant withers and dies.
The electric eel shoots out a bolt of lightning at you!
The bolt of electricity hits you!
* * * LOW HITPOINT WARNING * * *
The electric eel shoots out a bolt of lightning at you!
The bolt of electricity hits you.
* * * LOW HITPOINT WARNING * * *
The electric eel shoots out a bolt of lightning at you!
The bolt of electricity hits you!
* * * LOW HITPOINT WARNING * * *
The electric eel shoots out a bolt of lightning at you!
The bolt of electricity hits you!
You die...

.o..h.55<# #...# #
...o....## #...# #
....##### # .... . ###
####### . ##~~~..###
##.####.~~#####
#.##..'##~†~..##
#.#...h.#####..#...#
#.#.....##..+###...## #
#.#~~.~P#.....#..... .
#~#.†.~$#.....#.#..# #
#~#!~~$.#.~..P#....#
#~#≈S.S≈#$~P.[#.#..#
#~##≈≈≈##.$~?S#....####
##.######SS.≈≈#.#>.....
##....~##≈≈≈##...#.∩.#


You could see 2 electric eels.

Vanquished Creatures
  Pikel (D:5)
  Maggie (D:6)
  A komodo dragon (D:6)
  Grinder (D:3)
  Sigmund (D:2)
  Eustachio (D:5)
  A steam dragon (D:6)
  Edmund (D:5)
  2 black bears (D:6)
  A sky beast (D:6)
  A centaur (D:6)
  The ghost of middlethird the Chiller, an amateur VSIE (D:4)
  A bullfrog (D:6)
  3 scorpions
  5 wights (D:6)
  An electric eel (D:6)
  A bombardier beetle (D:6)
  2 orc priests (D:6)
  5 hounds
  An iguana (D:4)
  Terence (D:2)
  2 sleepcaps
  Jessica (D:2)
  4 orc wizards
  7 gnolls (D:4)
  10 adders
  4 ufetubi (D:6)
  4 dart slugs
  2 ribbon worms
  11 orcs
  6 ball pythons
  7 endoplasms
  5 giant cockroaches
  4 goblins
  8 hobgoblins
  4 quokkas
  7 bats
  7 frilled lizards
  6 kobolds
  4 rats
136 creatures vanquished.

Notes
Turn   | Place    | Note
-------+----------+-------------------------------------------
     0 | D:1      | KittyFluff the Troll Shapeshifter began the quest for the
                  | Orb.
     0 | D:1      | Reached XP level 1. HP: 18/18 MP: 0/0
   206 | D:1      | Reached skill level 1 in Fighting
   300 | D:1      | Reached XP level 2. HP: 27/27 MP: 1/1
   691 | D:1      | Found a faded altar of an unknown god.
   828 | D:2      | Noticed Jessica
   834 | D:2      | Killed Jessica
   835 | D:2      | Reached XP level 3. HP: 30/33 MP: 2/2
  1183 | D:2      | Noticed Sigmund
  1207 | D:2      | Killed Sigmund
  1208 | D:2      | Reached skill level 4 in Shapeshifting
  1208 | D:2      | Reached XP level 4. HP: 22/42 MP: 3/3
  1208 | D:2      | Reached XP level 5. HP: 26/49 MP: 4/4
  1512 | D:2      | Noticed Terence
  1519 | D:2      | Killed Terence
  1520 | D:2      | Reached XP level 6. HP: 34/57 MP: 5/5
  1768 | D:3      | Found a radiant altar of Vehumet.
  1836 | D:3      | Learned a level 1 spell: Apportation
  1893 | D:3      | Noticed Grinder
  1905 | D:3      | Paralysed by Grinder for 3 turns
  1916 | D:3      | Killed Grinder
  1917 | D:3      | Reached skill level 5 in Shapeshifting
  2039 | D:3      | Found a sacrificial altar of Ru.
  2044 | D:3      | Reached XP level 7. HP: 66/66 MP: 6/6
  2309 | D:3      | Found a shadowy altar of Dithmenos.
  2476 | D:4      | Found a blossoming altar of Fedhas.
  2858 | D:4      | Found a runed translucent gate.
  2858 | D:4      | Found a runed translucent gate.
  2859 | D:4      | Noticed middlethird's ghost (amateur VSIE)
  2860 | D:4      | Found a runed translucent gate.
  2873 | D:4      | Killed middlethird's ghost
  3287 | D:5      | Entered Level 5 of the Dungeon
  3342 | D:5      | Noticed Eustachio
  3397 | D:5      | Killed Eustachio
  3398 | D:5      | Reached skill level 1 in Throwing
  3398 | D:5      | Reached skill level 5 in Unarmed Combat
  3398 | D:5      | Reached skill level 6 in Shapeshifting
  3398 | D:5      | Reached XP level 8. HP: 70/75 MP: 7/7
  3412 | D:5      | Found a glowing silver altar of Zin.
  3427 | D:5      | Noticed Pikel
  3443 | D:5      | Killed Pikel
  3469 | D:5      | Found Jysix's Armour Shop.
  3469 | D:5      | Noticed an animated crystal plate armour
  3472 | D:5      | Noticed an animated pearl dragon scales
  3522 | D:5      | Noticed Edmund
  3531 | D:5      | Killed Edmund
  3565 | D:5      | Reached skill level 7 in Shapeshifting
  3675 | D:5      | Found an iron altar of Okawaru.
  3823 | D:5      | Found the +5 woodcutter's axe
  4150 | D:6      | Noticed Maggie
  4160 | D:6      | Killed Maggie
  4161 | D:6      | Reached XP level 9. HP: 60/84 MP: 8/8
  4166 | D:6      | Found a staircase to the Ecumenical Temple.
  4210 | Temple   | Found a transporter.
  4210 | Temple   | Found a transporter.
  4210 | Temple   | Found a transporter.
  4210 | Temple   | Found a transporter.
  4210 | Temple   | Entered the Ecumenical Temple
  4229 | Temple   | Became a worshipper of Trog the Wrathful
  4318 | D:6      | Found Xegu's Self-Improvement Boutique.
  4383 | D:6      | Reached skill level 1 in Armour
  4572 | D:6      | Found Tyd Kypt's Jewellery Shoppe.
  4716 | D:6      | Noticed a komodo dragon
  4724 | D:6      | Killed a komodo dragon
  4724 | D:6      | Reached * piety under Trog
  4725 | D:6      | Reached skill level 5 in Dodging
  4725 | D:6      | Reached skill level 8 in Shapeshifting
  4841 | D:6      | Killed from afar by an electric eel

Illustrated notes

Levels and vault maps discovered:
D:1:      dpeg_arrival_round_c, layout_loops_corners,
          dilly_ecumenical_altar_fadedgnrine
D:2:      layout_basic, minmay_increasing_density, uniq_jessica, uniq_terence,
          uniq_sigmund
D:3:      layout_loops_ring, lemuel_round_altar, nicolae_vehumet_radiance,
          nicolae_ru_great_annihilating_truth, uniq_grinder
D:4:      layout_basic, kennysheep_mini_moat, ebering_ghost_rock_garden
D:5:      layout_loops_ring, mainiacjoe_overflow_cross_hatched,
          okawaru_metal_pillars_3, serial_shops, nicolae_shop_mannequins,
          uniq_eustachio, uniq_pikel, uniq_edmund
D:6:      cheibrodos_two_vegetables, layout_basic, minmay_temple_entry_ruins,
          serial_shops, nicolae_shop_stone, nicolae_shop_self_help,
          uniq_crazy_yiuf_cottage, uniq_maggie
Temple:   hellmonk_temple_divided_pantheon

Skill      XL: |  1  2  3  4  5  6  7  8  9 |
---------------+----------------------------+-----
Fighting       | 1 2 3 4 |  4.8
Dodging        | 2 3 4 5 |  5.0
Shapeshifting  | 4 5 6 7 8 |  8.1
Unarmed Combat | 4 5 6 |  6.4
Throwing       | 1 3 |  3.9
Armour         | 1 |  1.8

Action                     |  1- 3 |  4- 6 |  7- 9 || total
---------------------------+-------+-------+-------++-------
  Melee: Unarmed           |    79 |    61 |   231 ||   371
         Punch             |     1 |       |    13 ||    14
    Use: Scroll            |       |       |     1 ||     1
   Stab: Invisible         |       |       |     1 ||     1
         Paralysed         |       |       |     1 ||     1
 Armour: Animal skin       |    26 |       |       ||    26
         Robe              |    25 |    42 |   123 ||   190
         Acid dragon scale |       |       |    56 ||    56
  Dodge: Dodged            |    37 |    23 |   111 ||   171
